 Dungeon Crawl Stone Soup version 0.31-a0-167-g1c394c0614 (webtiles) character file.

Game seed: 10124148436374893588

46 qw the Shooter (level 3, -2/22 HPs)
             Began as a Gargoyle Hunter on June 14, 2023.
             Slain by a worm (5 damage)
             ... on level 2 of the Dungeon.
             The game lasted 00:00:24 (846 turns).

qw the Shooter (Gargoyle Hunter)                     Turns: 846, Time: 00:00:24

Health: -2/22      AC:  7    Str: 14    XL:     3   Next: 66%
Magic:  3/3        EV: 11    Int:  9    God:
Gold:   101        SH:  0    Dex: 15    Spells: 2/2 levels left

rFire   . . .        Y - +0 shortbow
rCold   . . .        (shield currently unavailable)
rNeg    + . .        c - +0 leather armour
rPois   inf          b - +0 helmet
rElec   +            (no cloak)
rCorr   .            (no gloves)
SInv    .            (no boots)
Will    .....        (no amulet)
Stlth   ++           (no ring)
HPRegen 0.23/turn    (no ring)
MPRegen 0.08/turn

%: no passive effects
@: no status effects
A: sickness immunity, AC +3, negative energy resistance 1, electricity
resistance, torment resistance 1, petrification resistance
a: no special abilities


You were on level 2 of the Dungeon.
You visited 1 branch of the dungeon, and saw 2 of its levels.

You collected 101 gold pieces.


Innate Abilities, Weirdness & Mutations

You are immune to sickness and miasma.
Your stone body is resilient. (AC +3)
You are immune to poison.
You resist negative energy. (rN+)
You are resistant to electric shocks. (rElec)
You are resistant to unholy torment.
You are immune to petrification.


   Skills:
 + Level 2.8 Fighting
 - Level 5.0 Ranged Weapons
 - Level 1.5 Dodging
 - Level 1.1 Stealth


You had 2 spell levels left.
You didn't know any spells.
Your spell library was empty.

Inventory:

Hand Weapons
 Y - a +0 shortbow (weapon)
Armour
 b - a +0 helmet (worn)
 c - a +0 leather armour (worn)
Potions
 a - 2 potions of curing {unknown}
 g - a potion of invisibility {unknown}

Dungeon Overview and Level Annotations

Branches:
Dungeon (2/15)

Altars:

Shops:
D:1 :


Message History

The worm barely misses you.
You shoot an arrow. The arrow hits the worm.
The worm is lightly wounded.
The worm bites you.
You shoot an arrow. The arrow hits the worm.
The worm is moderately wounded.
The worm barely misses you.
You shoot an arrow. The arrow hits the worm.
The worm is heavily wounded.
You shoot an arrow. The arrow hits the worm.
The worm is severely wounded.
The worm bites you but does no damage.
You shoot an arrow. The arrow completely misses the worm.
The worm barely misses you.
You shoot an arrow. The arrow hits the worm.
The worm is severely wounded.
You shoot an arrow.
The arrow hits the worm but does no damage.
The worm is severely wounded.
The worm bites you!
You shoot an arrow. The arrow hits the worm.
The worm is severely wounded.
The worm bites you.
You shoot an arrow. The arrow barely misses the worm.
The worm bites you but does no damage.
You shoot an arrow. The arrow hits the worm.
The worm is almost dead.
You shoot an arrow. The arrow barely misses the worm.
The worm bites you.
You shoot an arrow. The arrow barely misses the worm.
The worm bites you but does no damage.
You shoot an arrow. The arrow hits the worm.
The worm is almost dead.
The worm barely misses you.
You shoot an arrow.
The arrow hits the worm but does no damage.
The worm is almost dead.
You shoot an arrow. The arrow barely misses the worm.
The worm bites you.
You die...

)..###....##... ##..
##.%..##.#..##. ..# ..
###..#.##..#.##.. ##..
###....##....## ...##
#.#.##..#.##..# ##..#
#####..##.#..##.# .##.#
....##....##....##....#
..##..##.#..##.#.%#
#.....#.##..#.##@w#
...####.#####..?.#..#
....# #.# ####...##
....# #.# #..##
....###.# ..##
........# ... ....#####
### ....# #.#.#


You could see a worm.

Vanquished Creatures
  An adder (D:2)
  2 worms (D:2)
  A dart slug (D:2)
  4 bats
  3 goblins
  5 hobgoblins
  2 jackals (D:1)
  A kobold (D:1)
  4 ball pythons (D:2)
  2 frilled lizards (D:1)
  3 rats (D:1)
28 creatures vanquished.

Notes
Turn   | Place    | Note
-------+----------+-------------------------------------------
     0 | D:1      | qw the Gargoyle Hunter began the quest for the Orb.
     0 | D:1      | Reached XP level 1. HP: 12/12 MP: 1/1
     0 | D:1      | 0 ||| qw: Version: 0.2-a-29-g1fa15c8
     0 | D:1      | 0 ||| qw: Game counter: 4956
     0 | D:1      | 0 ||| qw: Always use a shield: true
     0 | D:1      | 0 ||| qw: God list: Okawaru
     0 | D:1      | 0 ||| qw: Allow faded altars: false
     0 | D:1      | 0 ||| qw: Do Orc after D:15 true
     0 | D:1      | 0 ||| qw: Do second Lair branch before Depths: true
     0 | D:1      | 0 ||| qw: Lair rune preference: random
     0 | D:1      | 0 ||| qw: Plans: Normal, Zot:1-4, Slime:5, God:TSO, Crypt,
                  | Tomb, Abyss, Pan, Hells, Win
     0 | D:1      | 0 ||| PLANNING D:1-11
    27 | D:1      | HP: 3/12 [hobgoblin (2)]
    30 | D:1      | Reached XP level 2. HP: 6/17 MP: 2/2
    82 | D:1      | Found Zecsumod's Vocational Training.
   458 | D:1      | 458 ||| READING scroll labelled JAMAKO KONIGI.
   559 | D:1      | 559 ||| READING scroll labelled XABBECZ FEOMAX.
   560 | D:1      | 560 ||| READING scroll labelled SOLLEI NID JIU.
   564 | D:1      | 564 ||| READING scroll labelled SEARAA MUHIOJ.
   565 | D:1      | 565 ||| READING scroll labelled KIN QIRIBO.
   566 | D:1      | 566 ||| DRINKING 2 glowing emerald potions.
   567 | D:1      | 567 ||| DROPPING scroll of butterflies.
   568 | D:1      | 568 ||| DROPPING potion of brilliance.
   602 | D:2      | 602 ||| STAIRDANCE
   697 | D:2      | Reached XP level 3. HP: 12/21 MP: 3/3
   703 | D:2      | Reached skill level 5 in Ranged Weapons
   759 | D:2      | 759 ||| UPGRADING to +0 helmet.
   838 | D:2      | HP: 3/22 [worm (7)]
   846 | D:2      | Slain by a worm

Levels and vault maps discovered:
D:1:      lightli_arrival_statue_moat, layout_rooms, nicolae_shop_vocational
D:2:      layout_loops_ring, nicolae_eternal_life

Skill      XL: |  1  2  3 |
---------------+----------+-----
Ranged Weapons | 5 |  5.0
Fighting       | |  2.8
Dodging        | |  1.5
Stealth        | |  1.1

Action                     || total
---------------------------++-------
   Fire: Shortbow          ||   100
    Use: Scroll            ||     5
         Potion            ||     1
 Armour: Leather armour    ||    23
  Dodge: Dodged            ||    31

Table legend:
 A = Non-vault XP
 B = Vault XP
 C = Vault XP percentage of total XP
 D = Non-vault monster count
 E = Vault monster count
 F = Vault count percentage of total count
                 A         B        C        D         E       F
            +---------+---------+-------+---------+---------+-------
      Total |      66 |       0 |   0.0 |      28 |       0 |   0.0
            +---------+---------+-------+---------+---------+-------
        D:1 |      23 |       0 |   0.0 |      14 |       0 |   0.0
        D:2 |      43 |       0 |   0.0 |      14 |       0 |   0.0
            +---------+---------+-------+---------+---------+-------
